 Dungeon Crawl Stone Soup version 0.28.0-47-ge53b351184 (webtiles) character file.

Game seed: 14701008256430237733

69 Iusername the Covered (level 4, -3/41 HPs)
             Began as a Minotaur Fighter on May 9, 2022.
             Killed from afar by a white imp (6 damage)
             ... with a puff of frost
             ... summoned by Natasha
             ... on level 3 of the Dungeon.
             The game lasted 00:03:39 (3073 turns).

Iusername the Covered (Minotaur Fighter)            Turns: 3073, Time: 00:03:40

Health: -3/41      AC:  7    Str: 23    XL:     4   Next: 2%
Magic:  3/3        EV:  9    Int:  5    God:
Gold:   62         SH:  4    Dex:  9    Spells: 3/3 levels left

rFire   . . .      SeeInvis .   a - +0 long sword
rCold   . . .      Faith    .   c - +0 buckler
rNeg    . . .      Spirit   .   b - +0 scale mail
rPois   .          Reflect  .   (helmet restricted)
rElec   .          Harm     .   (no cloak)
rCorr   .          Rampage  .   (no gloves)
Will    .....                   (no boots)
Stlth   ..........              (no amulet)
HPRegen 0.13/turn               (no ring)
MPRegen 0.08/turn               (no ring)

@: flying, slowed, very slow
A: horns 2, retaliatory headbutt
a: no special abilities


You were on level 3 of the Dungeon.
You visited 1 branch of the dungeon, and saw 3 of its levels.

You collected 62 gold pieces.

Inventory:

Hand Weapons
 a - a +0 long sword (weapon)
Armour
 b - a +0 scale mail (worn)
 c - a +0 buckler (worn)
 j - a +0 pair of gloves
Jewellery
 f - an amulet of reflection
 h - a ring of magical power
Wands
 d - a wand of digging (8)
 k - a wand of flame (13)
Scrolls
 e - a scroll of noise {unknown}
 i - a scroll of identify {unknown}


   Skills:
 + Level 4.3 Fighting
 + Level 3.3 Long Blades
 + Level 4.3 Armour
 + Level 4.2 Shields


You had 3 spell levels left.
You didn't know any spells.
Your spell library contained the following spells:

 Spells                   Type           Power      Damage    Failure   Level
 Sublimation of Blood     Necr           0%         N/A       95%         2
 Wereblood                Tmut           0%         N/A       95%         2
 Summon Hydra             Summ           0%         N/A       100%        7


Dungeon Overview and Level Annotations

Branches:
Dungeon (2/15)

Altars:
Vehumet

Annotations:
D:3 Natasha


Innate Abilities, Weirdness & Mutations

You have a pair of horns on your head.
You reflexively headbutt those who attack you in melee.


Message History

You completely miss the orc.
The orc is lightly wounded.
You block the crimson imp's attack.
The white imp hits you but does no damage.
The orc hits you but does no damage. You block Natasha's attack.
The crimson imp misses you. The white imp barely misses you.
The orc hits you but does no damage. Natasha claws you.
You barely miss the orc.
The orc is lightly wounded.
You block the crimson imp's attack. The white imp hits you.
The white imp freezes you. The orc closely misses you.
Natasha barely misses you.
The crimson imp shouts, "Slither away, thou bootless wibble-sucking pigeon-egg!"
The crimson imp blinks!
The white imp gestures at you. The puff of frost hits you.
You block the orc's attack. You block Natasha's attack.
You hit the orc but do no damage. You headbutt the orc, but do no damage.
The orc is lightly wounded.
The frilled lizard bites you but does no damage.
The white imp hits you. The white imp freezes you. The orc barely misses you.
You furiously retaliate!
You headbutt the orc!
You kill the orc!
Natasha claws you but does no damage. The frilled lizard bites you.
The white imp gestures at you. The puff of frost hits you!
The ball python bites you but does no damage.
You block the ball python's attack. Natasha claws you!
* * * LOW HITPOINT WARNING * * *
You have reached level 4!
You feel stronger.
It was a potion of flight.
You feel very buoyant.
You fly up into the air.
The ball python bites you.
* * * LOW HITPOINT WARNING * * *
The ball python closely misses you.
The frilled lizard bites you but does no damage.
The white imp gestures at you. The puff of frost hits you.
You die...

.#.#.#.#P≈PPP#.#.#####
.#.#.#.#.#♣ ♣#.#.....#
.#.#.#.#.#.#♣#.#.#....#
#.#.#.#.#.#.#.#.#.....#
#.#.#.#.#.#.#.#.#....#
#.#.#.#.#.#.#.#.....#
#.#.#.#.#.#.#.#....#
#.#.#.#h#.#.#.#.#.#.###
...5.bS@)#.#.#.#.#.##
#.....l5..#.#.#.#.#.#
.........#.#.#.#.#.##
#........######..#.#
#........# #.#
#........# .#
##########


You could see Natasha, a crimson imp (summoned), a white imp (summoned), a bat,
a ball python and a frilled lizard.

Vanquished Creatures
  Robin (D:3)
  2 dart slugs
  An orc (D:3)
  An endoplasm (D:1)
  18 goblins
  6 hobgoblins
  3 quokkas (D:1)
  4 ball pythons
  A bat (D:3)
  A frilled lizard (D:1)
  6 kobolds
  3 rats (D:1)
47 creatures vanquished.

Vanquished Creatures (others)
  4 plants (D:3)
4 creatures vanquished.

Grand Total: 51 creatures vanquished

Notes
Turn   | Place    | Note
-------+----------+-------------------------------------------
     0 | D:1      | Iusername the Minotaur Fighter began the quest for the Orb.
     0 | D:1      | Reached XP level 1. HP: 19/19 MP: 0/0
   227 | D:1      | Reached XP level 2. HP: 14/27 MP: 1/1
  1257 | D:1      | Found a faded altar of an unknown god.
  1584 | D:2      | Reached XP level 3. HP: 14/33 MP: 2/2
  2370 | D:2      | You fall into a shaft and drop 1 floor!
  2370 | D:3      | Found a radiant altar of Vehumet.
  2831 | D:3      | Noticed Robin
  2839 | D:3      | Killed Robin
  3062 | D:3      | Noticed Natasha
  3073 | D:3      | Reached XP level 4. HP: 5/41 MP: 3/3
  3073 | D:3      | Killed from afar by a white imp

Illustrated notes

Levels and vault maps discovered:
D:1:      dpeg_arrival_refuge, layout_basic,
          hellmonk_ecumenical_altar_prayer_group, chequers_serial_rivers_micro_c
D:2:      layout_basic
D:3:      minmay_wonky_spiral, layout_basic, vehumet_altar_wand_db,
          serial_bayou, serial_bayou_shore_b, serial_bayou_pond_e,
          serial_bayou_ford_a, serial_bayou_lagoon_b, serial_bayou_pond_b,
          uniq_robin, uniq_natasha

Skill      XL: |  1  2 |
---------------+-------+-----
Fighting       | 4 |  4.3
Armour         | 4 |  4.3
Shields        | 4 |  4.2
Long Blades    | 3 |  3.3

Action                   |  1- 3 |  4- 6 || total
-------------------------+-------+-------++-------
Melee: Long sword        |    87 |       ||    87
       Headbutt          |    12 |       ||    12
  Use: Potion            |     1 |     1 ||     2
Armor: Scale mail        |    37 |     1 ||    38
Dodge: Dodged            |    49 |     1 ||    50
Block: Buckler           |    21 |       ||    21
